 Dungeon Crawl Stone Soup version 0.27-a0-780-geb8d7bc690 (webtiles) character file.

Game seed: 2513444137966865644

49 EnegeticOcto the Insei (level 3, -1/28 HPs)
             Began as a Djinni Warper on Mar 26, 2021.
             Slain by Ijyb
             ... wielding a +2 spectral club
              (4 damage)
             ... on level 3 of the Dungeon.
             The game lasted 00:02:15 (502 turns).

EnegeticOcto the Insei (Djinni Warper)               Turns: 502, Time: 00:02:15

Health: -1/28      AC:  3    Str: 10    XL:     3   Next: 75%
Gold:   55         EV: 11    Int: 15    God:
                   SH:  0    Dex: 12

rFire    + + .     SeeInvis .     - Unarmed
rCold    x . .     Faith    .   (no shield)
rNeg     . . .     Spirit   .   a - +0 leather armour
rPois    ∞         Reflect  .   (no helmet)
rElec    .         Harm     .   (no cloak)
rCorr    .         Rampage  .   (no gloves)
Will     .....                  (boots unavailable)
Stlth    +.........             (no amulet)
HPRegen  0.09/turn              (no ring)
MPRegen  0.00/turn              (no ring)

@: flying
A: fire resistance 2, cold vulnerability 1, float, innate caster, hp casting,
extra vitality 1
a: no special abilities


You were on level 3 of the Dungeon.
You visited 1 branch of the dungeon, and saw 3 of its levels.

You collected 55 gold pieces.

Inventory:

Hand Weapons
 h - a +1 dagger of venom
   (You took it off a kobold on level 2 of the Dungeon)
Missiles
 d - 5 boomerangs of dispersal (quivered)
Armour
 a - a +0 leather armour (worn)
Scrolls
 c - a scroll of blinking {@r4}
 e - a scroll of holy word {unknown}
 f - a scroll of fog {unknown}
 i - a scroll of teleportation {unknown}
Potions
 b - a potion of curing {unknown}
 g - a potion of lignification {unknown}


   Skills:
 + Level 2.2 Fighting
 - Level 0.7 Throwing
 - Level 1.0 Armour
 - Level 2.1 Dodging
 + Level 3.8 Unarmed Combat
 - Level 2.6 Spellcasting


You couldn't memorise any spells.
You knew the following spells:

 Your Spells              Type           Power      Damage    Failure   Level
a - Lesser Beckoning      Tloc           5%         N/A       28%         3
b - Gell's Gravitas       Tloc           5%         N/A       28%         3
c - Teleport Other        Tloc           10%        N/A       28%         3
d - Manifold Assault      Tloc           10%        N/A       95%         5
e - Shock                 Conj/Air       40%        1d5       10%         1
Y - Blink                 Tloc           N/A        N/A       14%         2
Your spell library was empty.

Dungeon Overview and Level Annotations

Branches:
Dungeon (3/15)

Altars:

Annotations:
D:2 Sigmund
D:3 Ijyb


Innate Abilities, Weirdness & Mutations

You are immune to poison.
Your flesh is very heat resistant. (rF++)
You are vulnerable to cold. (rC-)
You float through the air rather than walking.
You learn spells naturally, not from books.
Your magical power is your life essence.
You have superior vitality. (+4 HP)


Message History

You swing at nothing.
You swing at nothing.
You swing at nothing.
You swing at nothing.
You swing at nothing.
You swing at nothing.
You swing at nothing.
You swing at nothing.
You swing at nothing.
You swing at nothing.
You swing at nothing.
You swing at nothing.
You swing at nothing.
You swing at nothing.
You swing at nothing.
You swing at nothing.
You swing at nothing.
You swing at nothing.
You swing at nothing.
You swing at nothing.
You swing at nothing.
You swing at nothing.
You swing at nothing.
You swing at nothing.
You swing at nothing.
You swing at nothing.
You swing at nothing.
You swing at nothing.
You swing at nothing.
You swing at nothing.
You swing at nothing.
You swing at nothing.
You swing at nothing.
You swing at nothing.
You swing at nothing.
You swing at nothing.
You swing at nothing.
You swing at nothing.
You swing at nothing.
You swing at nothing.
You swing at nothing.
You swing at nothing.
You swing at nothing.
You swing at nothing.
You swing at nothing.
You swing at nothing.
You swing at nothing.
You swing at nothing.
You swing at nothing.
You swing at nothing.
You swing at nothing.
You are now empty-handed.
Found 15 gold pieces.
You now have 55 gold pieces (gained 15).
You reach down and open the door.
There is an open door here.
You reach down and open the door.
Found 18 stones.
There is an open door here.
You see here 18 stones.
Ijyb the Twisted Goblin comes into view.
She is wielding a +2 spectral club, wearing a +3 leather armour of fire resistance and carrying a wand of iceblast (6).
Ijyb shouts!
You see here 18 stones.
Okay, then.
Ijyb barely misses you.
You hit Ijyb but do no damage. Ijyb hits you with a +2 spectral club.
You closely miss Ijyb. Ijyb misses you.
You hit Ijyb.
Ijyb is moderately wounded.
Ijyb hits you with a +2 spectral club.
You are too injured to fight recklessly!
You are too injured to fight recklessly!
You are too injured to fight recklessly!
You are too injured to fight recklessly!
You are too injured to fight recklessly!
You are too injured to fight recklessly!
You are too injured to fight recklessly!
You are too injured to fight recklessly!
You are too injured to fight recklessly!
You are too injured to fight recklessly!
You are too injured to fight recklessly!
You barely miss Ijyb.
Ijyb is moderately wounded.
Ijyb hits you with a +2 spectral club.
You closely miss Ijyb.
Ijyb is moderately wounded.
Ijyb hits you with a +2 spectral club.
You hit Ijyb but do no damage.
Ijyb is moderately wounded.
Ijyb hits you with a +2 spectral club.
* * * LOW HITPOINT WARNING * * *
You closely miss Ijyb.
Ijyb is moderately wounded.
Ijyb hits you with a +2 spectral club.
* * * LOW HITPOINT WARNING * * *
Okay, then.
You barely miss Ijyb.
Ijyb is moderately wounded.
Ijyb hits you with a +2 spectral club.
You die...

. .. ###.
####.############.#
..#.
..............g.#.#
#####.#.
####.##########@#.#
#<...... #(#.#
.#####†#. #.#.#
#)........ #.#.#
#########.#. #.#.#
... ...#. ##'#'##.#
#####. #.......# #.
#.......# #.
#.......# #.


You could see Ijyb.

Vanquished Creatures
  Terence (D:2)
  An adder (D:3)
  5 endoplasms
  2 giant cockroaches
  A hobgoblin (D:1)
  2 quokkas (D:2)
  A ball python (D:3)
  A frilled lizard (D:2)
  3 kobolds (D:2)
17 creatures vanquished.

Notes
Turn   | Place    | Note
-------+----------+-------------------------------------------
     0 | D:1      | EnegeticOcto the Djinni Warper began the quest for the Orb.
     0 | D:1      | Reached XP level 1. HP: 18/18 MP: 0/0
   100 | D:1      | Reached XP level 2. HP: 19/23 MP: 0/0
   150 | D:2      | Noticed Terence
   212 | D:2      | Killed Terence
   213 | D:2      | Reached skill level 3 in Unarmed Combat
   213 | D:2      | Reached XP level 3. HP: 14/28 MP: 0/0
   213 | D:2      | Learned a level 1 spell: Shock
   263 | D:2      | Noticed a sky beast
   263 | D:2      | Noticed Sigmund
   480 | D:3      | Noticed Ijyb
   502 | D:3      | Slain by Ijyb

Illustrated notes

Levels and vault maps discovered:
D:1:      onia_arrival_handbag, layout_basic, chequers_serial_rivers_large_a,
          chequers_serial_rivers_micro_b, minmay_misc_feat_tiny
D:2:      layout_rooms, lightli_temple_of_fire, fedhas_altar_4, uniq_sigmund,
          uniq_terence
D:3:      layout_basic, uniq_natasha, uniq_grinder, uniq_ijyb

Skill      XL: |  1  2 |
---------------+-------+-----
Unarmed Combat | 3 |  3.8
Fighting       | |  2.2
Throwing       | |  0.7
Armour         | |  1.0
Dodging        | |  2.1
Spellcasting   | |  2.6

Action                   || total
-------------------------++-------
Melee: Unarmed           ||    40
       Punch             ||     1
       Dagger            ||    29
 Stab: Sleeping          ||     1
Armor: Leather armour    ||    15
Dodge: Dodged            ||    28

Table legend: (Time is in decaauts)
 A = Elapsed time spent in this place.
 B = Non-inter-level travel time spent in this place.
 C = Inter-level travel time spent in this place.
 D = Time resting spent in this place.
 E = Time spent auto-exploring this place.
 F = Levels seen in this place.
 G = Mean time per level.
                   A        B        C        D        E       F      G
               +--------+--------+--------+--------+--------+-----+--------+
         Total |    554 |    552 |      2 |      0 |      0 |   3 |  184.7 |
       Dungeon |    554 |    552 |      2 |      0 |      0 |   3 |  184.7 |
               +--------+--------+--------+--------+--------+-----+--------+

Top non-repeatable levels by time:
     D:3: 268 daAuts
     D:1: 149 daAuts
     D:2: 136 daAuts
